 Dungeon Crawl Stone Soup version 0.20-a0-731-gecde0bf (console) character file.

143 nht the Slinger (level 5, 0/34 HPs)
             Began as a Halfling Hunter on Feb 22, 2017.
             Was an Initiate of Trog.
             Slain by an orc
             ... wielding a +0 mace
              (6 damage)
             ... on level 3 of the Dungeon.
             The game lasted 00:02:44 (1753 turns).

nht the Slinger (Halfling Hunter)                   Turns: 1753, Time: 00:02:45

Health: 0/34       AC:  3    Str: 13    XL:     5   Next: 50%
Magic:  5/5        EV: 14    Int:  9    God:    Trog [......]
Gold:   131        SH:  0    Dex: 16    Spells: 4/4 levels left

rFire    + . .     SeeInvis .   a - +1 hunting sling
rCold    + . .     Gourm    .   c - +0 leather armour
rNeg     . . .     Faith    .   (shield restricted)
rPois    +         Spirit   .   (no helmet)
rElec    +         Reflect  .   (no cloak)
rCorr    +         Harm     .   (no gloves)
MR       .....                  (no boots)
Stlth    ++........             (no amulet)
Regen    0.2/turn               (no ring)
MPRegen  0.1/turn               (no ring)

@: resistant
A: mutation resistance 1
a: Burn Spellbooks, Renounce Religion


You were on level 3 of the Dungeon.
You worshipped Trog.
Trog was noncommittal.
You were not hungry.

You visited 1 branch of the dungeon, and saw 3 of its levels.

You collected 131 gold pieces.

Inventory:

Hand Weapons
 a - a +1 hunting sling (weapon)
 b - a +0 short sword
 r - a +2 short sword of venom
 s - a +2 dagger of speed
Missiles
 d - 48 sling bullets (quivered)
 o - 34 stones
Armour
 c - a +0 leather armour (worn)
Jewellery
 v - a +5 ring of protection {unknown}
Scrolls
 h - 4 scrolls of identify {unknown}
 i - 2 scrolls of remove curse {unknown}
 j - 2 scrolls of enchant armour {unknown}
 m - 2 scrolls of teleportation {unknown}
 n - a scroll of magic mapping {unknown}
Potions
 e - a potion of mutation {unknown}
 l - a potion of resistance
 t - a potion of curing {unknown}
 u - a potion of haste {unknown}
Comestibles
 f - a bread ration
 g - 8 chunks of flesh
 k - a royal jelly
 p - a meat ration


   Skills:
 - Level 1.7 Fighting
 + Level 9.2 Slings
 - Level 2.1 Dodging
 - Level 1.1 Stealth


You had 4 spell levels left.
You didn't know any spells.

Dungeon Overview and Level Annotations

Branches:
Dungeon (3/15)

Altars:
Cheibriados
Trog
Yredelemnul


Innate Abilities, Weirdness & Mutations

You are small and have problems with some larger weapons.
You are somewhat resistant to further mutation.


Message History

You shoot a sling bullet.
The sling bullet barely misses the orc priest.
The orc priest hits you with a whip.
Firing (i - inventory. (,) - cycle):
d - 50 sling bullets (quivered)
Press: ? - help, Shift-Dir - straight line, f/p - orc priest
Aim: an orc priest, wielding a whip and wearing a scale mail (almost dead)
You shoot a sling bullet.
The sling bullet closely misses the orc priest.
The orc hits you with a mace.
The orc priest invokes the aid of Beogh against you.
Beogh smites you!
* * * LOW HITPOINT WARNING * * *
Firing (i - inventory. (,) - cycle):
d - 49 sling bullets (quivered)
Press: ? - help, Shift-Dir - straight line, f/p - orc priest
Aim: an orc priest, wielding a whip and wearing a scale mail (almost dead)
You shoot a sling bullet.
The sling bullet hits the orc priest but does no damage.
The orc priest is almost dead.
The orc hits you with a mace.
You die... ██.██ ███████

█...███████ █.....█
████.█........
█.....██████..)).........
█..[.........)).....███
.............███.█..█
█....÷███.██.█ █.█..█
███.███ █.██.█ █.█..█ █.█
█.██.█ █@█..█ ...
█.██.██oo...█ .....
█.██...(....█ .......
..█████.(.█.█ .>.....█ ██


██(██(█ .......█ █(█ █ ..... █(█ ..... ..█ .█.██ You could see an orc priest and
an orc.

Vanquished Creatures
  An orc priest (D:3)
  6 adders (D:2)
  3 dart slugs
  3 leopard geckos (D:2)
  4 orcs (D:3)
  2 ball pythons
  A giant cockroach (D:1)
  7 goblins
  A hobgoblin (D:2)
  6 kobolds
  9 bats
  3 frilled lizards
  7 rats
53 creatures vanquished.

Notes
Turn   | Place    | Note
-------+----------+-------------------------------------------
     0 | D:1      | nht the Halfling Hunter began the quest for the Orb.
     0 | D:1      | Reached XP level 1. HP: 14/14 MP: 1/1
    68 | D:1      | Reached skill level 6 in Slings
   178 | D:1      | Reached XP level 2. HP: 19/19 MP: 2/2
   647 | D:1      | Reached skill level 7 in Slings
   647 | D:1      | Reached XP level 3. HP: 24/24 MP: 3/3
   732 | D:2      | Found a basalt altar of Yredelemnul.
   804 | D:2      | Found a snail-covered altar of Cheibriados.
   848 | D:2      | Reached XP level 4. HP: 29/29 MP: 4/4
   935 | D:2      | Reached skill level 8 in Slings
  1340 | D:2      | Found a bloodstained altar of Trog.
  1573 | D:2      | Reached XP level 5. HP: 21/34 MP: 5/5
  1633 | D:2      | Became a worshipper of Trog the Wrathful
  1712 | D:3      | Reached skill level 9 in Slings
  1753 | D:3      | Slain by an orc

Vault maps used:
D:1:      minmay_arrival_three_doors, minmay_distorted
D:2:      kennysheep_slug_shrine, nicolae_overflow_crystal_walls, trog_book
D:3:      grunt_decor_mini_mirrors, minmay_crystal_room

Skill      XL: |  1  2  3  4  5 |
---------------+----------------+-----
Slings         | 6 7 8 9 |  9.2
Fighting       | |  1.7
Dodging        | |  2.1
Stealth        | |  1.1

Action                   |  1- 3 |  4- 6 || total
-------------------------+-------+-------++-------
 Fire: Hunting sling     |    53 |   134 ||   187
  Use: Potion            |       |     2 ||     2
  Eat: Chunk             |       |     2 ||     2
Armor: Leather armour    |       |     9 ||     9
Dodge: Dodged            |     3 |    46 ||    49
